 Dungeon Crawl Stone Soup version 0.31-a0-835-g2a3a5bc3be (webtiles) character file.

Game seed: 7718307311124545321

1580 Conn the Sneak (level 8, -8/46 HPs)
             Began as an Octopode Fire Elementalist on Sept 26, 2023.
             Mangled by a gnoll sergeant
             ... wielding a +0 spear
              (14 damage)
             ... on level 5 of the Dungeon.
             The game lasted 00:14:34 (5970 turns).

Conn the Sneak (Octopode Fire Elementalist)         Turns: 5970, Time: 00:14:35

Health: -8/46      AC:  1    Str: 10    XL:     8   Next: 91%
Magic:  0/16       EV: 14    Int: 20    God:
Gold:   183        SH:  0    Dex: 12    Spells: 4/17 levels left

rFire   + . .        e - +0 rapier (freeze)
rCold   x . .        (no shield)
rNeg    . . .        (helmet restricted)
rPois   .            i - amulet of guardian spirit
rElec   .            c - ring of willpower
rCorr   +            f - ring of the Tormentor {Fire Will+ rCorr Str+3 Stlth+}
SInv    .            (no ring)
Will    ++...        (no ring)
Stlth   +++++        (no ring)
HPRegen 0.27/turn    (no ring)
MPRegen 0.15/turn    (no ring)
                     (no ring)

%: guardian spirit
@: lethally poisoned (-8 -> -20)
A: almost no armour, amphibious, 8 rings, camouflage 1, gelatinous body 1,
(nimble swimmer 1), tentacles
a: no special abilities


You were on level 5 of the Dungeon.
You visited 2 branches of the dungeon, and saw 7 of its levels.

You collected 283 gold pieces.
You spent 100 gold pieces at shops.

Inventory:

Hand Weapons
 a - a +0 mace of protection
 b - a +0 short sword
 e - a +0 rapier of freezing (weapon)
Jewellery
 c - a ring of willpower (left tentacle)
 f - the ring of the Tormentor (right tentacle) {Fire Will+ rCorr Str+3 Stlth+}
   (You bought it in a shop on level 6 of the Dungeon)

   [ring of fire]

   Fire:      It enhances your fire magic.
   Str+3:     It affects your strength (+3).
   rF+:       It protects you from fire.
   rC-:       It makes you vulnerable to cold.
   Will+:     It increases your willpower.
   rCorr:     It protects you from acid and corrosion.
   Stlth+:    It makes you more stealthy.
 i - an amulet of guardian spirit (around mantle)
Wands
 g - a wand of iceblast (5)
Scrolls
 d - a scroll of vulnerability
 j - a scroll of fog
 l - a scroll of teleportation
 m - a scroll of revelation
Potions
 h - a potion of enlightenment
 k - a potion of haste
 n - a potion of brilliance
 o - a potion of might {unknown}


   Skills:
 + Level 4.6 Dodging
 - Level 6.0 Stealth
 * Level 5.4 Spellcasting
 * Level 5.4 Conjurations
 + Level 5.2 Fire Magic
 + Level 2.1 Earth Magic


You had 4 spell levels left.
You knew the following spells:

 Your Spells              Type           Power      Damage    Failure   Level
a - Foxfire               Conj/Fire      100%       2x1d9     1%          1
b - Scorch                Fire           78%        2d8       1%          2
c - Inner Flame           Hex/Fire       23%        N/A       12%         3
d - Flame Wave            Conj/Fire      40%        2d11      12%         4
e - Stone Arrow           Conj/Erth      40%        3d9       7%          3

Your spell library contained the following spells:

 Spells                   Type           Power      Damage    Failure   Level
 Sandblast                Erth           28%        2d8       4%          1
 Passwall                 Tmut/Erth      7%         N/A       11%         2
 Volatile Blastmotes      Fire/Tloc      46%        2d13      12%         3
 Brom's Barrelling Bould  Conj/Erth      20%        2d4       24%         4


Dungeon Overview and Level Annotations

Branches:
Dungeon (6/15)             Temple (1/1) D:4

Altars:
Ashenzari
Cheibriados
Dithmenos
Elyvilon
Fedhas
Gozag
Hepliaklqana
Nemelex Xobeh
Okawaru
Qazlal
Ru
Trog
Uskayaw
Vehumet
Wu Jian
Xom
Yredelemnul
Zin
The Shining One

Shops:
D:6 *:(


Innate Abilities, Weirdness & Mutations

You cannot wear most types of armour.
You are amphibious.
You can wear up to eight rings at the same time.
Your skin changes colour to match your surroundings (Stealth+).
Your rubbery body absorbs attacks. (AC +1, EV +1)
((You are camouflaged when in or above water. (Stealth+)))
You have tentacles for arms and can constrict up to eight enemies at once.


Message History

Unknown command.
Unknown command.
Okay, then.
Unknown command.
Unknown command.
Unknown command.
Press: ? - help, v - describe, . - travel
Here: a gnoll, wielding a +0 spear The floor.
Unknown command.
Unknown command.
Unknown command.
Unknown command.
Okay, then.
Okay, then.
Unknown command.
Aiming: Iceblast
Press: ? - help, Shift-Dir - straight line, f - gnoll
Aim: a gnoll, wielding a +1 spear of venom The mass of ice explodes!
The iceblast engulfs the gnoll!
The gnoll is severely wounded.
The iceblast engulfs the gnoll sergeant!
The gnoll sergeant is moderately wounded.
The iceblast engulfs the gnoll!
You kill the gnoll!
* * * LOW HITPOINT WARNING * * *
You feel very sick. The gnoll sergeant barely misses you.
The gnoll barely misses you.
Unknown command.
Aiming: Iceblast
Press: ? - help, Shift-Dir - straight line, f/p - gnoll
Aim: a gnoll, wielding a +1 spear of venom (severely wounded)
The mass of ice explodes!
The iceblast engulfs the gnoll!
You kill the gnoll!
The iceblast engulfs the gnoll sergeant!
The gnoll sergeant is severely wounded.
* * * LOW HITPOINT WARNING * * *
You feel very sick.
The gnoll sergeant hits you from afar with a +0 spear!
You die...

###.###....)....
#.......).....
#.............
#.#....g.))...
#.#...#$.#.#..
#.#).##..#
#.>g## ..# #..†#
..# #..@# ..#
#...# ..# #...#
..# #.....
#....# #....#
....[. ##....#


You could see a gnoll sergeant.

Vanquished Creatures
  Grinder (D:4)
  Eustachio (D:4)
  An orc warrior (D:4)
  2 ice beasts
  A hornet zombie (D:5)
  A phantom (D:6)
  3 scorpions
  A bullfrog (D:6)
  A necrophage (D:5)
  A howler monkey (D:4)
  3 hounds
  3 orc priests
  2 orc wizards
  A killer bee zombie (D:5)
  A mummy (D:5)
  3 gnolls (D:5)
  9 adders
  A white imp (D:6)
  An ufetubus (D:5)
  4 worms
  2 dart slugs
  23 orcs
  6 endoplasms
  A giant cockroach (D:2)
  4 goblins
  4 hobgoblins
  4 jackals (D:2)
  6 ball pythons
  4 bats
  2 frilled lizards (D:2)
  4 kobolds
  8 rats
109 creatures vanquished.

Vanquished Creatures (others)
  397 foxfires
397 creatures vanquished.

Grand Total: 506 creatures vanquished

Notes
Turn   | Place    | Note
-------+----------+-------------------------------------------
     0 | D:1      | Conn the Octopode Fire Elementalist began the quest for the
                  | Orb.
     0 | D:1      | Reached XP level 1. HP: 11/11 MP: 3/3
   297 | D:1      | Reached XP level 2. HP: 17/17 MP: 1/5
   360 | D:1      | Reached skill level 3 in Stealth
  1291 | D:2      | Reached XP level 3. HP: 16/21 MP: 0/6
  1294 | D:2      | Learned a level 2 spell: Scorch
  1298 | D:2      | Learned a level 3 spell: Inner Flame
  1826 | D:2      | Found a faded altar of an unknown god.
  1831 | D:2      | Reached XP level 4. HP: 19/27 MP: 7/7
  2394 | D:3      | Found a shadowy altar of Dithmenos.
  2395 | D:3      | Found an opulent altar of Gozag.
  2452 | D:3      | Found a snail-covered altar of Cheibriados.
  2545 | D:3      | Reached XP level 5. HP: 31/31 MP: 1/9
  2761 | D:3      | Reached skill level 4 in Stealth
  3217 | D:4      | Noticed an orc warrior
  3221 | D:4      | Noticed Eustachio
  3517 | D:4      | Noticed Grinder
  3524 | D:4      | Learned a level 4 spell: Flame Wave
  3541 | D:4      | Paralysed by Grinder for 4 turns
  3546 | D:4      | Killed Grinder
  3547 | D:4      | Reached XP level 6. HP: 13/36 MP: 1/11
  3698 | D:4      | Killed Eustachio
  3699 | D:4      | Reached skill level 5 in Stealth
  3699 | D:4      | Reached XP level 7. HP: 41/41 MP: 1/12
  4379 | D:4      | Found a staircase to the Ecumenical Temple.
  4388 | Temple   | Entered the Ecumenical Temple
  4892 | D:4      | Learned a level 3 spell: Stone Arrow
  4951 | D:5      | Entered Level 5 of the Dungeon
  5071 | D:5      | Reached XP level 8. HP: 46/46 MP: 8/14
  5201 | D:6      | Found Pivasec's Assorted Antiques.
  5209 | D:6      | Bought a warped iron ring for 100 gold pieces
  5209 | D:6      | Identified the ring of the Tormentor {Fire Will+ rCorr
                  | Str+3 Stlth+} (You bought it in a shop on level 6 of the
                  | Dungeon)
  5225 | D:6      | Reached skill level 6 in Stealth
  5225 | D:6      | Reached skill level 1 in Earth Magic
  5493 | D:6      | Found Xutwasho's Book Emporium.
  5502 | D:6      | Found Hegh's Weapon Shoppe.
  5550 | D:6      | Reached skill level 5 in Spellcasting
  5550 | D:6      | Reached skill level 5 in Conjurations
  5708 | D:6      | Reached skill level 5 in Fire Magic
  5970 | D:5      | Mangled by a gnoll sergeant

Illustrated notes

Levels and vault maps discovered:
D:1:      dpeg_arrival_tiny_d, layout_basic
D:2:      layout_basic, ebering_ecumenical_altar_sacrificial, st_stairs_2
D:3:      layout_basic, mainiacjoe_overflow_brackets, nicolae_overflow_squiral,
          kennysheep_generic_room_10
D:4:      layout_basic, minmay_temple_entry_junction_2,
          kennysheep_generic_room_14, uniq_eustachio, uniq_grinder
D:5:      kennysheep_big_flooded_room, layout_basic,
          lemuel_mausoleum_altar_kikubaaqudgha
D:6:      layout_basic, serial_shops, shop, nicolae_take_the_stairs,
          nicolae_shop_crystal, nicolae_shop_real_fake_doors, shop
Temple:   kb_temple_of_zot

Skill      XL: |  1  2  3  4  5  6  7  8 |
---------------+-------------------------+-----
Stealth        | 3 4 5 6 |  6.0
Conjurations   | 2 3 4 5 |  5.4
Dodging        | 3 4 |  4.6
Spellcasting   | 3 4 5 |  5.4
Fire Magic     | 4 5 |  5.2
Earth Magic    | 2 |  2.1

Action                     |  1- 3 |  4- 6 |  7- 9 || total
---------------------------+-------+-------+-------++-------
  Melee: Short sword       |    24 |    18 |       ||    42
         Unarmed           |     2 |       |       ||     2
         Constrict         |     9 |     7 |     5 ||    21
         Tentacles         |     6 |     5 |     2 ||    13
         Rapier            |       |       |    26 ||    26
   Cast: Foxfire           |    64 |    60 |   114 ||   238
         Scorch            |       |     8 |    10 ||    18
         Inner Flame       |       |     1 |     5 ||     6
         Flame Wave        |       |       |     1 ||     1
  Evoke: Wand              |       |       |     2 ||     2
    Use: Potion            |       |     2 |     3 ||     5
         Scroll            |       |       |    12 ||    12
   Stab: Sleeping          |     1 |     4 |     4 ||     9
 Armour: Skin              |    18 |    15 |    27 ||    60
  Dodge: Dodged            |    22 |    21 |    32 ||    75

Table legend: (Time is in decaauts)
 A = Elapsed time spent in this place.
 B = Non-inter-level travel time spent in this place.
 C = Inter-level travel time spent in this place.
 D = Time resting spent in this place.
 E = Time spent auto-exploring this place.
 F = Levels seen in this place.
 G = Mean time per level.
                   A        B        C        D        E       F      G
               +--------+--------+--------+--------+--------+-----+--------+
         Total |   5970 |   5895 |     75 |    518 |   3935 |   7 |  852.9 |
       Dungeon |   5945 |   5870 |     75 |    518 |   3935 |   6 |  990.8 |
        Temple |     25 |     25 |      0 |      0 |      0 |   1 |   25.0 |
               +--------+--------+--------+--------+--------+-----+--------+

Top non-repeatable levels by time:
     D:4: 1345 daAuts
     D:3: 1291 daAuts
     D:2: 1228 daAuts
     D:1: 1058 daAuts
     D:6: 594 daAuts
     D:5: 425 daAuts
  Temple: 25 daAuts
